 Seeded DCSS version 0.27-a0-1181-g5f64966fcc (webtiles) character file.

Game seed: 10224278285853739274 (custom seed)

292274 benadryl the Warrior (level 20, 0/149 HPs)
             Began as a Gargoyle Fighter on May 17, 2021.
             Was an Elder of Ashenzari.
             Slain by a vampire knight
             ... wielding a +0 great sword of freezing
              (1 damage)
             ... while paralysed by a vampire knight
             ... on level 3 of the Vaults.
             The game lasted 01:28:00 (47180 turns).

benadryl the Warrior (Gargoyle Fighter)            Turns: 47180, Time: 01:28:01

Health: 0/149      AC: 49    Str: 26    XL:     20   Next: 79%
Magic:  0/21       EV:  2    Int: 12    God:    Ashenzari [****..]
Gold:   4254       SH:  0    Dex: 11    Spells: 20/20 levels left

rFire    + + +     SeeInvis +   v - +10 zealot's sword {holy, *Rage rN+ EV+3, Comp, Evo} (curse)
rCold    + + .     Faith    .   K - +0 kite shield of Star-Bound Wisdom {reflect, Evo, Fort} (curse)
rNeg     + + +     Spirit   +   A - +4 plate armour "Anxiety of Ashenzari" {rC+, Alch, Self} (curse)
rPois    ∞         Reflect  +   b - +0 helmet
rElec    +         Harm     .   l - +2 cloak of the Sibylline Mistrust {Range, Fort} (curse)
rCorr    +         Rampage  +   f - +2 pair of gloves of Ashenzari's Autotheism {Melee, Self} (curse)
Will     +....     Clarity  +   C - +2 pair of boots {rampage}
Stlth    ..........             J - amulet of Apeoromancy {Spirit rF++ rCorr Dex+2 Stlth-, Self, Comp} (curse)
HPRegen  0.34/turn              P - ring "Eternal Together" {rElec rF+ rN+ Slay+2 Stlth+, Self, Alch} (curse)
MPRegen  0.17/turn              R - ring of protection from cold

@: paralysed, flying, hasted
A: sickness immunity, AC +15, big wings, negative energy resistance 1,
electricity resistance, torment resistance 1, petrification resistance
}: 2/15 runes: decaying, gossamer
a: Renounce Religion, Curse Item, Shatter the Chains


You were on level 3 of the Vaults.
You worshipped Ashenzari.
Ashenzari was greatly pleased with you.
You visited 8 branches of the dungeon, and saw 36 of its levels.
You visited the Abyss 1 time.
You also visited: Bailey and Ice Cave.

You collected 5576 gold pieces.
You spent 1322 gold pieces at shops.

Inventory:

Hand Weapons
 a - the +3 demon blade "Yhetixi" {pain, Contam rC+++ Will-}
   (You found it in an ice cave)

   In the hands of one skilled in necromantic magic, it inflicts extra damage on
   living creatures.
   It renders you almost immune to cold.
   It causes magical contamination when unequipped.
   It decreases your willpower.
 v - the cursed +10 zealot's sword (weapon) {holy, *Rage rN+ EV+3, Comp, Evo}
   (You found it on level 5 of the Dungeon)

   It has been blessed by the Shining One to cause great damage to the undead
   and demons.
   It affects your evasion (+3).
   It protects you from negative energy.
   It may make you go berserk in combat.
   It has a curse which improves the following skills: Companions: Summonings
   and Necromancy.
   Evocations: Evocations.
Missiles
 x - 5 throwing nets (quivered)
Armour
 b - a +0 helmet (worn)
 f - the cursed +2 pair of gloves of Ashenzari's Autotheism (worn) {Melee, Self}
   (You found it on level 4 of the Swamp)

   It has a curse which improves the following skills: Melee Combat: Short
   Blades, Long Blades, Axes, Maces & Flails, Polearms, Staves and Unarmed
   Combat.
   Introspection: Fighting and Spellcasting.
 l - the cursed +2 cloak of the Sibylline Mistrust (worn) {Range, Fort}
   (You found it on level 2 of the Dungeon)

   It has a curse which improves the following skills: Ranged Combat: Slings,
   Bows, Crossbows and Throwing.
   Fortitude: Armour and Shields.
 A - the cursed +4 plate armour "Anxiety of Ashenzari" (worn) {rC+, Alch, Self}
   (You bought it in a shop on level 2 of the Orcish Mines)

   It has a curse which improves the following skills: Alchemy: Poison Magic and
   Transmutations.
   Introspection: Fighting and Spellcasting.
 C - a +2 pair of boots of rampaging (worn)
 K - the cursed +0 kite shield of Star-Bound Wisdom (worn) {reflect, Evo, Fort}
   (You took it off Donald on level 1 of the Spider Nest)

   It has a curse which improves the following skills: Evocations: Evocations.
   Fortitude: Armour and Shields.
Jewellery
 J - the cursed amulet of Apeoromancy (around neck) {Spirit rF++ rCorr Dex+2 Stlth-, Self, Comp}
   (You acquired it on level 3 of the Lair of Beasts)

   [amulet of guardian spirit]

   It causes incoming damage to be divided between your reserves of health and
   magic.
   It affects your dexterity (+2).
   It greatly protects you from fire.
   It protects you from acid and corrosion.
   It makes you less stealthy.
   It has a curse which improves the following skills: Introspection: Fighting
   and Spellcasting.
   Companions: Summonings and Necromancy.
 P - the cursed ring "Eternal Together" (left hand) {rElec rF+ rN+ Slay+2 Stlth+, Self, Alch}
   (You acquired it on level 6 of the Lair of Beasts)

   [ring of positive energy]

   It affects your accuracy and damage with ranged weapons and melee attacks
   (+2).
   It protects you from fire.
   It insulates you from electricity.
   It protects you from negative energy.
   It makes you more stealthy.
   It has a curse which improves the following skills: Introspection: Fighting
   and Spellcasting.
   Alchemy:   Poison Magic and Transmutations.
 R - a ring of protection from cold (right hand)
 T - a +6 ring of strength
Wands
 k - a wand of flame (70)
 w - a wand of iceblast (37)
 B - a wand of paralysis (16)
 M - a wand of digging (32)
 Q - a wand of mindburst (24)
 X - a wand of acid (18)
Scrolls
 c - 2 scrolls of fog
 g - 4 scrolls of vulnerability
 h - 11 scrolls of teleportation
 m - a scroll of blinking
 p - 4 scrolls of noise
 q - 2 scrolls of torment
 F - 5 scrolls of fear
 G - 10 scrolls of amnesia
 H - a scroll of enchant armour
 N - 2 scrolls of holy word
 S - 3 scrolls of immolation
 U - 3 scrolls of magic mapping
 Y - 3 scrolls of silence
Potions
 d - 8 potions of might
 e - 12 potions of haste
 i - 6 potions of resistance
 j - 7 potions of heal wounds
 r - 16 potions of curing {@q1}
 s - 3 potions of lignification
 t - 6 potions of attraction
 u - 6 potions of ambrosia
 z - 3 potions of mutation
 D - 6 potions of flight
 E - a potion of invisibility
 L - a potion of magic
 W - a potion of berserk rage
Miscellaneous
 o - a condenser vane (inert)
 Z - a phantom mirror


   Skills:
 + Level 19.2(23.6) Fighting
 + Level 16.5(18.3) Long Blades
 + Level 11.4(13.4) Throwing
 + Level 13.6(16.7) Armour
 + Level 19.2(21.8) Shields
 - Level 8.1(11.5) Evocations


You had 20 spell levels left.
You didn't know any spells.
Your spell library contained the following spells:

 Spells                   Type           Power      Damage    Failure   Level
 Summon Small Mammal      Summ           4%         N/A       83%         1
 Freeze                   Ice            0%         1d3       88%         1
 Magic Dart               Conj           0%         1d3       88%         1
 Sandblast                Erth           0%         2d4       88%         1
 Shock                    Conj/Air       0%         1d3       88%         1
 Call Imp                 Summ           1%         N/A       93%         2
 Blink                    Tloc           N/A        N/A       96%         2
 Ensorcelled Hibernation  Hex/Ice        0%         N/A       96%         2
 Searing Ray              Conj           0%         3d3       96%         2
 Slow                     Hex            0%         N/A       96%         2
 Static Discharge         Conj/Air       0%         N/A       96%         2
 Call Canine Familiar     Summ           1%         N/A       99%         3
 Confusing Touch          Hex            0%         N/A       99%         3
 Conjure Flame            Conj/Fire      0%         6-21      99%         3
 Dazzling Flash           Conj/Hex       0%         N/A       99%         3
 Frozen Ramparts          Ice            0%         1d2       99%         3
 Gell's Gravitas          Tloc           0%         N/A       99%         3
 Ignite Poison            Fire/Tmut/Pois 1%         N/A       99%         3
 Mephitic Cloud           Conj/Pois/Air  0%         N/A       99%         3
 Ozocubu's Armour         Ice            0%         N/A       99%         3
 Stone Arrow              Conj/Erth      0%         3d7       99%         3
 Summon Guardian Golem    Hex/Summ       1%         N/A       99%         3
 Swiftness                Air            0%         N/A       99%         3
 Airstrike                Air            0%         N/A       100%        4
 Animate Armour           Summ/Erth      2%         N/A       100%        4
 Animate Dead             Necr           0%         N/A       100%        4
 Fulminant Prism          Conj/Hex       0%         3d6       100%        4
 Hailstorm                Conj/Ice       0%         3d3       100%        4
 Iskenderun's Mystic Bla  Conj/Tloc      0%         2d3       100%        4
 Leda's Liquefaction      Hex/Erth       0%         N/A       100%        4
 Petrify                  Tmut/Erth      1%         N/A       100%        4
 Summon Ice Beast         Ice/Summ       1%         N/A       100%        4
 Summon Lightning Spire   Summ/Air       1%         N/A       100%        4
 Alistair's Intoxication  Tmut/Pois      0%         N/A       100%        5
 Bolt of Magma            Conj/Fire/Erth 0%         4d4       100%        5
 Borgnjor's Vile Clutch   Necr/Erth      0%         N/A       100%        5
 Irradiate                Conj/Tmut      0%         3d13      100%        5
 Iskenderun's Battlesphe  Conj           0%         2d6       100%        5
 Lightning Bolt           Conj/Air       0%         1d11      100%        5
 Metabolic Englaciation   Hex/Ice        0%         N/A       100%        5
 Silence                  Hex/Air        0%         N/A       100%        5
 Yara's Violent Unravell  Hex/Tmut       0%         3d3       100%        5
 Death Channel            Necr           0%         N/A       100%        6
 Eringya's Noxious Bog    Tmut/Pois      0%         N/A       100%        6
 Iron Shot                Conj/Erth      0%         9d1       100%        6
 Shadow Creatures         Summ           N/A        N/A       100%        6
 Simulacrum               Ice/Necr       0%         N/A       100%        6
 Orb of Destruction       Conj           0%         N/A       100%        7
 Spellforged Servitor     Conj/Summ      0%         N/A       100%        7
 Chain Lightning          Conj/Air       0%         N/A       100%        8
 Lehudib's Crystal Spear  Conj/Erth      0%         10d2      100%        8
 Absolute Zero            Ice            0%         ∞         100%        9
 Fire Storm               Conj/Fire      0%         5d1       100%        9
 Sublimation of Blood     Necr           Unusable   N/A       N/A         2
 Statue Form              Tmut/Erth      Unusable   N/A       N/A         6

Dungeon Overview and Level Annotations

Branches:
Dungeon (15/15)            Temple (1/1) D:5            Lair (6/6) D:8
  Swamp (4/4) Lair:4       Spider (4/4) Lair:3        Slime (0/5) Lair:5
    Orc (2/2) D:9             Elf (1/3) Orc:2        Vaults (3/5) D:13
 Depths (0/5) D:15         Bailey (visited)           IceCv (visited)
  Crypt: Vaults:2-3

Altars:
Ashenzari
Cheibriados
Dithmenos
Elyvilon
Fedhas
Gozag
Hepliaklqana
Kikubaaqudgha
Nemelex Xobeh
Okawaru
Qazlal
Ru
Sif Muna
Trog
Uskayaw
Vehumet
Wu Jian
Xom
Yredelemnul
Zin
Beogh

Shops:
D:15 *   Orc:2 =*[(?   Elf:1 ?:((!   Vaults:2 (

Annotations:
D:9 1 runed translucent door, Drazool's ghost, journeyman FoFi
Lair:4 exclusion: 4 oklob plants
Lair:5 exclusion: 6 oklob plants
Swamp:2 3 runed translucent doors, AtomicRavioli's ghost, adept NaTm


Innate Abilities, Weirdness & Mutations

You are immune to sickness and miasma.
Your stone body is resilient. (AC +15)
You are immune to poison.
Your large and strong wings let you fly.
You resist negative energy. (rN+)
You are resistant to electric shocks. (rElec)
You are resistant to unholy torment.
You are immune to petrification.


Message History

The curse skull calls on the powers of darkness!
Your body is wracked with pain!
* * * LOW HITPOINT WARNING * * *
The curse skull suffers a backlash!
As you read the scroll of fear, it crumbles to dust.
You assume a fearsome visage.
The freezing wraith is unaffected.
The jiangshi is unaffected.
The curse skull is unaffected.
The vampire knight is unaffected.
You block the vampire knight's attack. x2
There is an open door here.
There is an open door here.
The curse skull calls on the powers of darkness!
Your body is wracked with pain!
* * * LOW HITPOINT WARNING * * *
The vampire knight is no longer moving quickly.
The vampire knight points at you and mumbles some strange words.
You suddenly lose the ability to move!
The vampire knight hits you with a +0 great sword of freezing!
* * * LOW HITPOINT WARNING * * *
The vampire knight freezes you.
* * * LOW HITPOINT WARNING * * *
The vampire knight bites you but does no damage.
The vampire knight gestures at you while chanting.
You easily resist.
The vampire knight hits you with a +0 great sword of freezing!
* * * LOW HITPOINT WARNING * * *
The vampire knight freezes you.
* * * LOW HITPOINT WARNING * * *
The vampire knight bites you but does no damage.
The curse skull calls on the powers of darkness!
Your body is wracked with pain!
* * * LOW HITPOINT WARNING * * *
The vampire knight hits you but does no damage.
The vampire knight barely misses you.
The curse skull calls on the powers of darkness!
Your body is wracked with pain!
* * * LOW HITPOINT WARNING * * *
The vampire knight hits you with a +0 great sword of freezing!!
* * * LOW HITPOINT WARNING * * *
The vampire knight freezes you.
You die...

#.......'...#.#, ,* ,
,* #.......#...#.+ ,*
,, * #####+###...#.#..,
, , , ,, *
##...#.#####,,, , * 8 8
*#...#.....#.....# , ,
###)#.....#.....# ,, ,
,##....[.####.....# , +
,##.####.'..#.....# ,
,,##@#..#.#..#.....# *
, ##V#..#.#..#.....##
,,
,,,##z#..'.#..#.....##
* *##V####.#..#.....##
* ,,, ,
.#......####....... ,
,,,,.#.........#.......
* ∆.+....######.......
* ...####'#...V'....W..
,
,...#....#....#.......


You could see a vampire knight (invisible), a jiangshi (summoned) and a curse
skull.

Vanquished Creatures
  2 Ice Fiends (IceCv)
  Rupert (Spider:1)
  A lich (Abyss:3)
  A tentacled starspawn (Abyss:3)
  A thorn hunter (Lair:4)
  Roxanne (Elf:1)
  A fenstrider witch (Swamp:1)
  Donald (Spider:1)
  3 emperor scorpions
  3 ghost moths (Spider:4)
  2 orc warlords
  13 vault wardens
  A deep elf elementalist (Elf:1)
  Louise (Spider:3)
  8 ironbound preservers
  2 ghouls
  A stone giant (Vaults:1)
  5 very ugly things (Vaults:1)
  2 spark wasps (Spider:4)
  A deep elf annihilator (Elf:1)
  5 dire elephants
  4 entropy weavers
  5 bunyips
  3 eleionomae
  A deep elf death mage (Elf:1)
  A deep elf high priest (Vaults:1)
  2 great orbs of eyes
  5 ironbound thunderhulks
  An ice dragon (Spider:1)
  2 ogre magi
  3 yaktaur captains
  12 vault guards
  8 boulder beetles
  A catoblepas (Lair:6)
  A ghost crab (Swamp:4)
  2 centaur warriors
  19 hydras
  3 death yaks (Lair:6)
  Erica (D:11)
  A death knight (D:14)
  7 dancing weapons (Elf:1)
  6 ironbound frosthearts
  5 two-headed ogres
  10 alligators
  8 death scarabs (Spider:4)
  A deep troll shaman (Lair:6)
  2 tengu warriors (D:13)
  4 thrashing horrors (Abyss:3)
  3 orc high priests
  2 ironbound beastmasters (Vaults:2)
  A spectral emperor scorpion (Spider:4)
  11 deep elf knights (Elf:1)
  A wretched star (Abyss:3)
  4 fire crabs (Lair:5)
  A soul eater (Abyss:3)
  6 skeletal warriors
  8 goliath frogs
  15 deep trolls
  3 spriggan druids
  15 swamp dragons
  2 bog bodies
  3 spectral wolf spiders (Spider:4)
  A flayed ghost (D:15)
  5 deep elf archers (Elf:1)
  2 wolf spider zombies
  A necromancer (D:15)
  5 wizards
  8 ironbound convokers
  3 large abominations (Abyss:3)
  5 orc knights
  A tengu zombie (D:15)
  12 deep elf zephyrmancers (Elf:1)
  A lindwurm (Lair:3)
  10 deep elf pyromancers
  23 ugly things
  2 oklob plants
  7 orb spiders
  4 orc sorcerers (Orc:2)
  18 wolf spiders
  A worldbinder (Abyss:3)
  3 moths of wrath
  27 slime creatures
  6 will-o-the-wisps
  2 cyclopes (D:15)
  3 elephants (Lair:6)
  A smoke demon (Abyss:3)
  2 black mambas
  2 ice statues (IceCv)
  7 vault sentinels
  A torpor snail (Spider:3)
  13 cane toads
  An apocalypse crab (Abyss:3)
  2 rime drakes
  4 kobold demonologists
  9 komodo dragons
  6 yaktaurs
  3 spectral redbacks (Spider:4)
  2 redback zombies (Spider:4)
  6 demonic crawlers
  A spriggan skeleton (D:15)
  An efreet (Abyss:3)
  27 jumping spiders
  13 ice devils (IceCv)
  7 trolls
  3 meliai
  18 hornets
  A polar bear (Lair:4)
  5 spectral jumping spiders (Spider:4)
  4 spectral tarantellas (Spider:4)
  11 tyrant leeches
  13 dream sheep
  Prince Ribbit (D:5)
  An ettin zombie (D:15)
  3 raiju (Abyss:3)
  A deep troll zombie (D:15)
  2 tarantella zombies (Spider:4)
  A jumping spider zombie (Spider:4)
  A wraith (D:14)
  2 water elementals (Elf:1)
  An air elemental (Elf:1)
  18 spriggans
  2 ynoxinuls (Abyss:3)
  46 redbacks
  2 fire bats (Lair:5)
  20 tarantellas
  6 wyverns
  54 yaks
  A fire elemental (Lair:5)
  A hog (shapeshifter) (Elf:1)
  A golden eye (shapeshifter) (D:15)
  4 steam dragons
  Grum (D:9)
  A human (shapeshifter) (Elf:1)
  26 vampire mosquitoes
  3 basilisks
  3 wargs
  20 swamp worms
  10 water moccasins
  5 hell hounds (Abyss:3)
  An ice beast (D:5)
  2 black bears (Lair:6)
  30 orc warriors
  9 swamp drakes
  A sky beast (D:5)
  3 necrophages
  8 centaurs
  9 ogres
  A phantom (D:4)
  8 boggarts
  17 wolves
  2 wyvern zombies
  12 bullfrogs
  5 kobold brigands
  An earth elemental (Elf:1)
  A water moccasin zombie (D:6)
  9 gnoll sergeants
  6 scorpions
  5 killer bees (D:8)
  3 wights (D:10)
  5 howler monkeys
  3 electric eels
  A bullfrog zombie (D:6)
  3 jellies
  5 centaur zombies
  2 hounds (Bailey)
  15 orc priests
  7 gnoll shamans
  A centaur skeleton (D:7)
  A small abomination (Abyss:3)
  A hell rat (Lair:3)
  23 orc wizards
  4 iguanas
  A mummy (D:4)
  4 adders
  23 gnolls
  A shadow imp (D:3)
  7 white imps
  10 ufetubi (IceCv)
  3 worms
  3 dart slugs
  98 orcs
  8 endoplasms
  5 giant cockroaches
  14 goblins
  10 hobgoblins
  2 jackals (D:3)
  A quokka (D:3)
  6 ball pythons
  4 bats
  5 frilled lizards
  A hobgoblin zombie (D:4)
  17 kobolds
  2 kobold zombies (D:4)
  An orc zombie (D:4)
  5 rats
  2 starspawn tentacles (Abyss:3)
1236 creatures vanquished.

Vanquished Creatures (collateral kills)
  the Lernaean hydra (Swamp:4)
  A hydra (Swamp:4)
  2 swamp dragons (Swamp:4)
  A swamp drake (Swamp:4)
5 creatures vanquished.

Vanquished Creatures (others)
  A fenstrider witch (Swamp:2)
  An emperor scorpion (Spider:4)
  A dancing weapon (Elf:1)
  A deep elf zephyrmancer (Elf:1)
  2 bloated husks (Swamp:2)
  A fire elemental (Elf:1)
  2 white imps (IceCv)
  An ufetubus (IceCv)
  35 foxfires
  17 fungi
  17 plants
  11 withered plants (D:15)
90 creatures vanquished.

Grand Total: 1331 creatures vanquished

Notes
Turn   | Place    | Note
-------+----------+-------------------------------------------
     0 | D:1      | benadryl the Gargoyle Fighter began the quest for the Orb.
     0 | D:1      | Reached XP level 1. HP: 14/14 MP: 1/1
   139 | D:1      | Reached XP level 2. HP: 18/19 MP: 2/2
   530 | D:1      | Reached XP level 3. HP: 19/24 MP: 3/3
  1158 | D:2      | Found a faded altar of an unknown god.
  1913 | D:3      | Reached XP level 4. HP: 29/29 MP: 4/4
  2299 | D:4      | Noticed a scorpion
  2310 | D:4      | Killed a scorpion
  2311 | D:4      | Reached XP level 5. HP: 32/34 MP: 5/5
  2446 | D:4      | Found an ornate altar of the Wu Jian Council.
  2448 | D:4      | Found a shimmering altar of Xom.
  2448 | D:4      | Found an iron altar of Okawaru.
  2468 | D:4      | Found a blossoming altar of Fedhas.
  2471 | D:4      | Found a stormy altar of Qazlal.
  2742 | D:4      | Noticed a phantom
  2766 | D:4      | Killed a phantom
  2767 | D:4      | Reached skill level 5 in Fighting
  2767 | D:4      | Reached skill level 5 in Shields
  2767 | D:4      | Reached XP level 6. HP: 40/40 MP: 6/6
  3228 | D:5      | Entered Level 5 of the Dungeon
  3513 | D:5      | Found the +10 zealot's sword {holy, *Rage rN+ EV+3}
  3515 | D:5      | Reached XP level 7. HP: 44/44 MP: 7/7
  3546 | D:5      | Found a staircase to the Ecumenical Temple.
  3722 | D:5      | Noticed Prince Ribbit
  3727 | D:5      | Killed Prince Ribbit
  3728 | D:5      | Reached skill level 5 in Long Blades
  3728 | D:5      | Reached XP level 8. HP: 52/52 MP: 8/8
  4937 | D:6      | Found a basalt altar of Yredelemnul.
  4938 | D:6      | Found an ancient bone altar of Kikubaaqudgha.
  4938 | D:6      | Found a snail-covered altar of Cheibriados.
  4938 | D:6      | Found a hazy altar of Hepliaklqana.
  5399 | D:6      | Reached XP level 9. HP: 50/59 MP: 9/9
  6037 | D:7      | Found a radiant altar of Vehumet.
  6994 | D:8      | Reached XP level 10. HP: 44/66 MP: 10/10
  7029 | D:8      | Found a staircase to the Lair.
  7163 | D:8      | Found a flagged portal.
  7177 | Bailey   | Entered a bailey
  7470 | Bailey   | Reached skill level 10 in Fighting
  7470 | Bailey   | Reached skill level 10 in Shields
  8161 | D:9      | Noticed Grum
  8165 | D:9      | Killed Grum
  8274 | D:9      | Noticed a kobold demonologist
  8283 | D:9      | Killed a kobold demonologist
  8520 | D:9      | Reached XP level 11. HP: 53/73 MP: 11/11
  8681 | D:9      | Found a runed translucent door.
  8681 | D:9      | Noticed a fire dragon
  8682 | D:9      | Noticed Drazool's ghost (journeyman FoFi)
  8834 | D:9      | Found a staircase to the Orcish Mines.
  9119 | Temple   | Entered the Ecumenical Temple
  9212 | Temple   | Became a worshipper of Ashenzari the Shackled
  9357 | Lair:1   | Entered Level 1 of the Lair of Beasts
 10803 | Lair:2   | Noticed a five-headed hydra
 10826 | Lair:2   | Killed a 19-headed hydra
 10827 | Lair:2   | Reached skill level 10 in Long Blades
 11111 | Lair:3   | Found a hole to the Spider Nest.
 11112 | Lair:3   | Noticed a boulder beetle
 11127 | Lair:3   | Killed a boulder beetle
 11176 | Lair:3   | Found a glowing silver altar of Zin.
 11176 | Lair:3   | Noticed an oklob plant
 11194 | Lair:3   | Killed an oklob plant
 11195 | Lair:3   | Reached XP level 12. HP: 81/81 MP: 12/12
 11246 | Lair:3   | Noticed an eight-headed hydra
 11248 | Lair:3   | Identified a scroll of acquirement
 11262 | Lair:3   | Killed a 20-headed hydra
 11394 | Lair:3   | Acquired the amulet "Kiasiad" {Spirit rF++ rCorr Dex+2
                  | Stlth-}
 12124 | Lair:3   | Noticed a boulder beetle
 12789 | Lair:3   | Noticed a six-headed hydra
 13300 | Lair:4   | Identified the +6 hunting sling of Fow Atz {venom, rF+
                  | Will- rCorr}
 13664 | Lair:4   | Reached * piety under Ashenzari
 13747 | Lair:4   | Reached XP level 13. HP: 78/90 MP: 10/13
 13821 | Lair:4   | Reached skill level 1 in Evocations
 13894 | Lair:4   | Found a staircase to the Swamp.
 14218 | Lair:5   | Reached ** piety under Ashenzari
 14230 | Lair:5   | Found a staircase to the Slime Pits.
 14675 | Lair:5   | Found a transporter.
 15310 | Lair:5   | Found a transporter.
 16013 | Lair:6   | Entered Level 6 of the Lair of Beasts
 16329 | Lair:6   | Noticed a dire elephant
 16366 | Lair:6   | Killed a dire elephant
 16784 | Lair:6   | Identified the +1 falchion of Unniut {antimagic, +Blink rN+
                  | Dex-5 Stlth+}
 16808 | Lair:6   | Acquired the ring of Edeajoif {rElec rF+ rN+ Slay+2 Stlth+}
 17428 | Lair:6   | Gained mutation: Your large and strong wings let you fly.
                  | [Gargoyle growth]
 17428 | Lair:6   | Reached XP level 14. HP: 70/100 MP: 11/14
 17466 | Lair:5   | Reached skill level 5 in Evocations
 19056 | Orc:1    | Entered Level 1 of the Orcish Mines
 19279 | Orc:2    | Entered Level 2 of the Orcish Mines
 19361 | Orc:2    | Found Ucaul's Magic Scroll Emporium.
 19378 | Orc:2    | Found a staircase to the Elven Halls.
 19419 | Orc:2    | Bought a scroll of acquirement for 572 gold pieces
 19431 | Orc:2    | Acquired 636 gold pieces
 21376 | Orc:2    | Reached skill level 15 in Fighting
 21376 | Orc:2    | Reached skill level 15 in Shields
 21672 | Orc:2    | Noticed an orc warlord
 21691 | Orc:2    | Killed an orc warlord
 21894 | Orc:2    | Found Rysipp's General Store.
 21895 | Orc:2    | Found Buamaf's Jewellery Emporium.
 21897 | Orc:2    | Found Mumila Naofi's Antique Armour Shoppe.
 21897 | Orc:2    | Found Arem's Antique Weapon Shoppe.
 22141 | Orc:1    | Paralysed by an ogre mage for 6 turns
 22562 | Orc:2    | Bought a shiny plate armour for 702 gold pieces
 22574 | Orc:2    | Reached *** piety under Ashenzari
 22679 | D:10     | Entered Level 10 of the Dungeon
 23883 | D:11     | Noticed Erica
 23890 | D:11     | Killed Erica
 23914 | D:11     | Reached skill level 1 in Throwing
 23917 | D:11     | Reached XP level 15. HP: 105/109 MP: 13/15
 24202 | D:12     | Found a gate leading to a gauntlet.
 24274 | D:12     | Reached **** piety under Ashenzari
 24834 | D:13     | Found a gate to the Vaults.
 25199 | D:13     | Identified the +8 flail of Dywoamuw {vorpal, Int+3}
 25934 | D:14     | Reached skill level 5 in Armour
 26057 | D:14     | Found a white marble altar of Elyvilon.
 26475 | D:15     | Entered Level 15 of the Dungeon
 26475 | D:15     | Noticed a ghoul
 26485 | D:14     | Killed a ghoul
 26508 | D:15     | Noticed a ghoul
 27015 | Swamp:1  | Entered Level 1 of the Swamp
 27125 | Swamp:1  | Noticed a thorn hunter
 27377 | Lair:4   | Killed a thorn hunter
 27448 | Swamp:1  | Noticed a fenstrider witch
 27459 | Swamp:1  | Killed a fenstrider witch
 28047 | Swamp:2  | Noticed a fenstrider witch
 28058 | Swamp:2  | Reached XP level 16. HP: 102/120 MP: 14/17
 28064 | Swamp:2  | Killed a fenstrider witch
 28417 | Swamp:2  | Found a runed translucent gate.
 28418 | Swamp:2  | Found a runed translucent gate.
 28419 | Swamp:2  | Found a runed translucent gate.
 28419 | Swamp:2  | Noticed AtomicRavioli's ghost (adept NaTm)
 28423 | Swamp:2  | Identified the ring of Catei {rF+ Str+3 Int-4 Stlth+}
 29039 | Swamp:3  | Reached skill level 5 in Throwing
 30115 | Swamp:4  | Entered Level 4 of the Swamp
 31068 | Swamp:4  | Noticed the 27-headed Lernaean hydra
 31722 | Swamp:4  | Killed the 27-headed Lernaean hydra
 31726 | Swamp:4  | Reached XP level 17. HP: 126/126 MP: 18/18
 31941 | Swamp:4  | Got a decaying rune of Zot
 32209 | Spider:1 | Entered Level 1 of the Spider Nest
 32218 | Spider:1 | Noticed Rupert
 32220 | Spider:1 | Paralysed by Rupert for 3 turns
 32244 | Spider:1 | Killed Rupert
 32353 | Spider:1 | Found a frozen archway.
 32365 | IceCv    | Entered an ice cave
 32624 | IceCv    | Noticed an Ice Fiend
 32624 | IceCv    | Noticed an Ice Fiend
 32633 | IceCv    | Killed an Ice Fiend
 32659 | IceCv    | Killed an Ice Fiend
 33020 | IceCv    | Identified the +3 demon blade "Yhetixi" {pain, Contam rC+++
                  | Will-}
 33470 | Spider:1 | Noticed Donald
 33491 | Spider:1 | Killed Donald
 35551 | Spider:3 | Reached skill level 10 in Armour
 35898 | Spider:3 | Noticed Louise
 35944 | Spider:3 | Killed Louise
 36382 | Spider:4 | Entered Level 4 of the Spider Nest
 36483 | Spider:4 | Reached XP level 18. HP: 131/131 MP: 18/18
 36626 | Spider:4 | Identified the Compendium of Unstable Ice
 36983 | Spider:4 | Reached skill level 15 in Long Blades
 37511 | Spider:4 | Acquired 1054 gold pieces
 37896 | Spider:4 | Got a gossamer rune of Zot
 38281 | D:15     | Found a shadowy altar of Dithmenos.
 38383 | D:15     | Found a staircase to the Depths.
 38559 | D:15     | Found Utautz's General Store.
 38567 | D:15     | Bought a throwing net for 48 gold pieces
 38572 | D:15     | Found a bloodstained altar of Trog.
 39017 | Elf:1    | Entered Level 1 of the Elven Halls
 39287 | Elf:1    | Identified the Guide on Conjuration
 39762 | Elf:1    | Found Toucuoto's Distillery.
 39801 | Elf:1    | Reached XP level 19. HP: 69/140 MP: 4/20
 40130 | Elf:1    | Identified Roxanne's Catalogue of Clay
 40130 | Elf:1    | Noticed Roxanne
 40174 | Elf:1    | Killed Roxanne
 40177 | Elf:1    | Found Sicy's Weapon Emporium.
 40197 | Elf:1    | Found Faplame's Weapon Emporium.
 40855 | Elf:1    | Found Vimaoh's Magic Scroll Shop.
 41192 | Elf:1    | Found Fyklax's Book Shop.
 41599 | Vaults:1 | Entered Level 1 of the Vaults
 42021 | Vaults:1 | Reached skill level 10 in Throwing
 43876 | Vaults:2 | Identified the +5 chain mail of Trial and Error {rF- Regen+
                  | Int+2}
 44539 | Vaults:2 | Identified the +1 leather armour "Qukhluot" {Str+4}
 44852 | Vaults:2 | Reached XP level 20. HP: 148/148 MP: 21/21
 45693 | Vaults:2 | Identified the +5 mace of Nuc Pitt {protect, rF++ Int+4}
 45703 | Vaults:2 | Cast into level 3 of the Abyss (vault warden)
 45998 | Vaults:2 | Escaped the Abyss
 46737 | Vaults:2 | Found Tusaj's Weapon Shoppe.
 47145 | Vaults:3 | Paralysed by a vampire knight for 7 turns
 47174 | Vaults:3 | Paralysed by a vampire knight for 6 turns
 47180 | Vaults:3 | HP: 1/149 [vampire knight/+0 great sword of freezing (14)]
 47180 | Vaults:3 | Slain by a vampire knight

Illustrated notes

Levels and vault maps discovered:
D:1:      dpeg_arrival_rhombi, layout_rooms, minivault_4, minmay_vboxes
D:2:      layout_loops_ring, hellmonk_ecumenical_altar_run_dry
D:3:      layout_rooms, dk_noncrumbling_2
D:4:      layout_gridville, minmay_overflow_temple_star_hex, chequers_avenue,
          minmay_mini_ossuary
D:5:      layout_layer_cave, minmay_temple_entry_glass, uniq_prince_ribbit1
D:6:      layout_basic, overflow_temple_1_default,
          chequers_temple_overflow_statue_of_worship, grunt_tough_drop
D:7:      layout_basic, nicolae_vehumet_radiance
D:8:      layout_cave_pools, lair_entry_dummy, enter_bailey_3,
          kennysheep_generic_room_14
D:9:      layout_small_grid, hiddenorc1_lemuel, ebering_ghost_inner_flame,
          uniq_grum
D:10:     layout_basic, minivault_1
D:11:     layout_cave_pools, uniq_erica
D:12:     layout_rooms, gauntlet_entry_generic
D:13:     layout_loops_corners, david_vaults_2
D:14:     layout_cave_pods, elyvilon_altar_4
D:15:     gammafunk_depths_entry_grave, layout_basic, trog_three_pillars_becter,
          serial_undead, serial_undead_b, serial_undead_c, serial_undead_b,
          serial_undead_b, serial_shops, shop, grunt_dithmenos_smoke_and_mirrors
Temple:   hc_temple_tempest_star
Lair:1:   layout_concentric_octagons
Lair:2:   layout_roguey, minivault_25
Lair:3:   kb_forest_paths, layout_loops_ring, nicolae_spider_entry_non_spiders,
          lemuel_oklob_altar
Lair:4:   layout_long_grid, minmay_swamp_entry_worms, fungi_pond_lemuel,
          minmay_lair_oklob_chamber
Lair:5:   gammafunk_cloud_chamber, layout_layer_cave,
          minmay_slime_entry_oklob_enclosed, pond
Lair:6:   grunt_lair_end_beastmaster, layout_big_grid, serial_bayou_pond_d,
          infiniplex_staircase_pool_2
Swamp:1:  layout_basic_swamp, evilmike_swamp_ruin_wall,
          infiniplex_staircase_pool
Swamp:2:  layout_basic_swamp, gammafunk_ghost_hydra_chop,
          evilmike_swamp_ruin_house_2
Swamp:3:  layout_basic_swamp, nicolae_swamp_triple_paths
Swamp:4:  swamp_old_school, layout_basic_swamp, swamp_pool3,
          nicolae_swamp_big_swirl
Spider:1: layout_spider_delve, portal_ice_cave_entry_dragon,
          nicolae_spider_checkerboard, uniq_rupert, uniq_donald
Spider:2: layout_spider_delve
Spider:3: layout_spider_delve, uniq_louise
Spider:4: floodkiller_spider_rune_tomb, drop_trap
Orc:1:    layout_caves, basic_altar, rock_pile
Orc:2:    st_orc_congregation, layout_caves, serial_shops,
          nicolae_shop_waterfront
Elf:1:    elf_arrival_001, layout_loops_corners, serial_shops,
          nicolae_shop_competitors_out_of_business, shop_statue, shop, shop,
          shop, minmay_elf_annihilation, nrook_loot_triangle, uniq_roxanne
Vaults:1: ontoclasm_vaults_loading_screen, v_misc_27, v_misc_19,
          ontoclasm_vaults_shout, v_misc_27, ontoclasm_vaults_misaligned,
          vaults_room_grunt_arrival_ludios, ontoclasm_vaults_twist,
          layout_vaults_omnigrid
Vaults:2: vaults_dpeg_ring, v_misc_19, nicolae_vaults_little_squares_4,
          v_rooms_6, v_misc_8, vaults_standard_mumra_x,
          nicolae_vaults_border_crossing, nicolae_vaults_diagonal_hallway_6,
          vaults_room_pools, nicolae_vaults_yaktaur_gun_rack,
          hangedman_vaults_pinch, layout_vaults_big_room, serial_shops, shop
Vaults:3: v_rooms_1, ontoclasm_vaults_loading_screen, nicolae_vaults_big_ls,
          hangedman_vaults_restitches, minmay_crypt_entry_simple_statues,
          vaults_room_hallway, nicolae_vaults_network_star,
          hangedman_vaults_stagger, vaults_mumra_minichess,
          ontoclasm_vaults_hangar, nicolae_vaults_gold_heap,
          ontoclasm_vaults_gateway, layout_vaults_ring

Skill      XL: |  1  2  3  4  5  6  7  8  9 10 11 12 13 14 15 16 17 18 19 20 |
---------------+-------------------------------------------------------------+-----
Long Blades    | 2 3 4 5 6 7 8 10 11 12 13 14 15 16 | 16.5
Shields        | 4 5 6 7 9 10 12 13 14 15 16 17 18 19 | 19.2
Fighting       | 4 5 6 7 9 10 12 13 14 15 16 17 18 19 | 19.2
Evocations     | 4 7 8 |  8.1
Throwing       | 1 4 6 8 9 10 11 | 11.4
Armour         | 6 8 10 11 12 13 | 13.6

Action                   |  1- 3 |  4- 6 |  7- 9 | 10-12 | 13-15 | 16-18 | 19-21 || total
-------------------------+-------+-------+-------+-------+-------+-------+-------++-------
Melee: Long sword        |   116 |   161 |    63 |       |       |       |       ||   340
       Eudemon blade     |       |       |   103 |   681 |  1174 |  1397 |   892 ||  4247
Throw: Javelin           |       |       |     1 |       |    23 |    11 |    68 ||   103
       Throwing net      |       |       |       |     5 |     8 |       |     1 ||    14
Invok: Curse Item        |       |       |       |     2 |     4 |     2 |       ||     8
       Shatter the Chain |       |       |       |       |       |     1 |       ||     1
Evoke: Wand              |       |       |       |     7 |     1 |     5 |     1 ||    14
       Phantom mirror    |       |       |       |       |       |     1 |       ||     1
       Condenser vane    |       |       |       |       |       |       |     1 ||     1
  Use: Scroll            |       |     6 |    11 |     5 |     4 |     3 |     2 ||    31
       Potion            |       |       |       |       |     1 |     2 |     4 ||     7
 Stab: Held in net/web   |       |       |       |     4 |     2 |       |       ||     6
       Petrified         |       |       |       |       |     9 |       |       ||     9
       Petrifying        |       |       |       |       |     2 |       |       ||     2
Armor: Scale mail        |    45 |       |       |       |       |       |       ||    45
       Chain mail        |    19 |    94 |       |       |       |       |       ||   113
       Plate armour      |       |    37 |   122 |   426 |   511 |  1045 |   378 ||  2519
Dodge: Dodged            |    31 |    31 |    36 |   246 |   265 |   525 |   197 ||  1331
Block: Kite shield       |    63 |    79 |   104 |   475 |   644 |  1106 |   425 ||  2896
       Reflection        |       |       |       |       |       |     8 |    22 ||    30
       Rpst.: Long sword |    11 |     9 |     5 |       |       |       |       ||    25
       Eudemon blade     |       |       |    10 |    63 |    53 |    87 |    45 ||   258

Table legend: (Time is in decaauts)
 A = Elapsed time spent in this place.
 B = Non-inter-level travel time spent in this place.
 C = Inter-level travel time spent in this place.
 D = Time resting spent in this place.
 E = Time spent auto-exploring this place.
 F = Levels seen in this place.
 G = Mean time per level.
                   A        B        C        D        E       F      G
               +--------+--------+--------+--------+--------+-----+--------+
         Total |  46318 |  43445 |   2873 |  14872 |  20616 |  39 | 1187.6 |
       Dungeon |  14220 |  12893 |   1327 |   1447 |   9429 |  15 |  948.0 |
        Temple |    159 |    154 |      5 |      0 |    145 |   1 |  159.0 |
          Lair |  10428 |   9640 |    788 |   4422 |   4084 |   6 | 1738.0 |
         Swamp |   4370 |   4080 |    290 |   1231 |   1997 |   4 | 1092.5 |
   Spider Nest |   4835 |   4657 |    178 |   1819 |   1736 |   4 | 1208.8 |
  Orcish Mines |   3565 |   3405 |    160 |   2118 |    742 |   2 | 1782.5 |
   Elven Halls |   2359 |   2281 |     78 |   1055 |    687 |   1 | 2359.0 |
        Vaults |   4982 |   4937 |     45 |   2240 |   1770 |   3 | 1660.7 |
         Abyss |    262 |    262 |      0 |     75 |      0 |   1 |  262.0 |
        Bailey |    386 |    386 |      0 |     51 |      4 |   1 |  386.0 |
      Ice Cave |    748 |    748 |      0 |    411 |     22 |   1 |  748.0 |
               +--------+--------+--------+--------+--------+-----+--------+

Top non-repeatable levels by time:
Vaults:2: 3009 daAuts
  Lair:6: 2630 daAuts
   Orc:1: 2475 daAuts
  Lair:5: 2379 daAuts
   Elf:1: 2359 daAuts
  Lair:3: 2043 daAuts
Vaults:1: 1621 daAuts
Spider:2: 1544 daAuts
Spider:4: 1538 daAuts
  Lair:4: 1510 daAuts
     D:6: 1477 daAuts
 Swamp:4: 1467 daAuts
     D:5: 1348 daAuts
     D:9: 1264 daAuts
 Swamp:3: 1178 daAuts
